 Dungeon Crawl Stone Soup version 0.31-a0-1388-g4b2ba238e7 (webtiles) character file.

Game seed: 9611863961205904221

46 olourkin the Shooter (level 3, -1/20 HPs)
             Began as a Kobold Hexslinger on Dec 24, 2023.
             Slain by a gnoll
             ... wielding a +2 heavy halberd
              (21 damage)
             ... on level 2 of the Dungeon.
             The game lasted 00:04:57 (1412 turns).

olourkin the Shooter (Kobold Hexslinger)            Turns: 1412, Time: 00:04:58

Health: -1/20      AC:  3    Str:  5    XL:     3   Next: 95%
Magic:  4/4        EV: 15    Int: 14    God:
Gold:   84         SH:  0    Dex: 19    Spells: 4/4 levels left

rFire   . . .        a - +1 sling
rCold   . . .        (no shield)
rNeg    . . .        c - +0 robe
rPois   .            h - +0 helmet
rElec   .            (no cloak)
rCorr   .            (no gloves)
SInv    .            (no boots)
Will    .....        (no amulet)
Stlth   +++          (no ring)
HPRegen 0.23/turn    (no ring)
MPRegen 0.09/turn

%: no passive effects
@: no status effects
A: small, no large weapons, nightstalker 3
a: no special abilities


You were on level 2 of the Dungeon.
You visited 1 branch of the dungeon, and saw 2 of its levels.

You collected 112 gold pieces.
You spent 28 gold pieces at shops.

Inventory:

Hand Weapons
 a - a +1 sling (weapon)
 b - a +4 short sword
Missiles
 d - 27 stones
Armour
 c - a +0 robe (worn)
 h - a +0 helmet (worn)
Magical Staves
 p - a staff of alchemy
Jewellery
 i - a ring of poison resistance
Scrolls
 e - a scroll of poison {!r}
 f - a scroll of fog {unknown}
 g - a scroll of blinking {unknown}
 j - 2 scrolls of identify
 k - a scroll of enchant armour {unknown}
 m - a scroll of fear {unknown}
 o - a scroll of silence {unknown}
Potions
 l - 2 potions of ambrosia {unknown}
 n - a potion of mutation {unknown}
 q - a potion of haste {unknown}


   Skills:
 - Level 1.1 Fighting
 * Level 4.2 Ranged Weapons
 - Level 2.4 Dodging
 + Level 2.0 Stealth
 - Level 1.1 Spellcasting
 + Level 3.4 Hexes
 - Level 1.0 Fire Magic


You had 4 spell levels left.
You didn't know any spells.
Your spell library contained the following spells:

 Spells                   Type           Power      Damage    Failure   Level
 Jinxbite                 Hex            20%        N/A       10%         2
 Sigil of Binding         Hex            10%        N/A       19%         3
 Inner Flame              Hex/Fire       6%         N/A       32%         3
 Cause Fear               Hex            5%         N/A       54%         4
 Dimensional Bullseye     Hex/Tloc       2%         N/A       78%         4


Dungeon Overview and Level Annotations

Branches:
Dungeon (2/15)

Altars:

Shops:
D:1 [   D:2 ?


Innate Abilities, Weirdness & Mutations

You are small and have problems with some larger weapons.
You are completely attuned to the shadows.


Message History

You shoot a sling bullet. The sling bullet hits the bat.
You kill the bat!
A goblin comes into view. It is wielding a +0 club.
You shoot a sling bullet. The sling bullet hits the goblin!
You kill the goblin!
A kobold comes into view. It is wielding a +0 dagger.
You shoot a sling bullet. The sling bullet hits the kobold.
You kill the kobold!
d - 26 stones (gained 3)
Things that are here:
a +0 dagger; a kobold corpse A hobgoblin comes into view.
You shoot a sling bullet. The sling bullet hits the hobgoblin!
You kill the hobgoblin!
Your Stealth skill increases to level 2!
A kobold comes into view. It is wielding a +1 whip of pain.
Found 8 gold pieces.
You shoot a sling bullet. The sling bullet hits the kobold!
You kill the kobold!
Found a sling.
d - 27 stones (gained 1)
You see here a +1 whip of pain.
You now have 79 gold pieces (gained 8).
You now have 84 gold pieces (gained 5).
A dart slug comes into view.
You shoot a sling bullet. The sling bullet hits the dart slug.
The dart slug is moderately wounded.
You shoot a sling bullet. The sling bullet hits the dart slug!
You kill the dart slug!
A gnoll is nearby!
You shoot a sling bullet. The gnoll shouts!
The sling bullet hits the gnoll.
The gnoll is lightly wounded.
You hear a shout!
You shoot a sling bullet. The sling bullet hits the gnoll.
The gnoll is heavily wounded.
The gnoll hits you from afar with a +2 heavy halberd!!
Ouch! That really hurt!
You die...

..#..)#.##### ######.#
.###......).###..∩...#
..#..##.#.......######
.<....#.##...####
#......>##...# #.#
...##.####...# #.# ...##.#
#...# ####.## ...##.#
#...#####......# ##.##.#
#......@.....<.#
......####...####.g..g.$..#
##............. ..........
................ .........#
##†............. ..!#g..#..
#..)###### ...#.# ....##
.#.##


You could see a gnoll.

Vanquished Creatures
  A gnoll (D:1)
  2 dart slugs
  An orc (D:2)
  3 ball pythons
  2 endoplasms
  2 giant cockroaches
  3 goblins (D:2)
  3 hobgoblins (D:2)
  4 kobolds
  6 bats
  A frilled lizard (D:2)
  2 rats
30 creatures vanquished.

Notes
Turn   | Place    | Note
-------+----------+-------------------------------------------
     0 | D:1      | olourkin the Kobold Hexslinger began the quest for the Orb.
     0 | D:1      | Reached XP level 1. HP: 12/12 MP: 2/2
   156 | D:1      | Found Rurucess's Antique Armour Shop.
   173 | D:1      | Reached skill level 3 in Ranged Weapons
   188 | D:1      | Reached XP level 2. HP: 16/16 MP: 3/3
   209 | D:1      | Reached skill level 1 in Stealth
   791 | D:1      | Reached XP level 3. HP: 8/20 MP: 4/4
  1118 | D:2      | Reached skill level 4 in Ranged Weapons
  1147 | D:2      | Found Qoskabom's Magic Scroll Shop.
  1153 | D:2      | Bought a scroll of identify for 28 gold pieces
  1412 | D:2      | Slain by a gnoll

Illustrated notes

Levels and vault maps discovered:
D:1:      tarquinn_simple_flora_water_d, layout_basic, serial_shops, shop
D:2:      layout_loops_cross, serial_shops, shop, st_stairs_2

Skill      XL: |  1  2  3 |
---------------+----------+-----
Ranged Weapons | 3 4 |  4.2
Stealth        | 1 2 |  2.0
Fighting       | |  1.1
Dodging        | |  2.4
Spellcasting   | |  1.1
Hexes          | |  3.4
Fire Magic     | |  1.0

Action                     || total
---------------------------++-------
  Melee: Short sword       ||    10
   Fire: Sling             ||    55
 Armour: Robe              ||     9
  Dodge: Dodged            ||    29

Table legend: (Time is in decaauts)
 A = Elapsed time spent in this place.
 B = Non-inter-level travel time spent in this place.
 C = Inter-level travel time spent in this place.
 D = Time resting spent in this place.
 E = Time spent auto-exploring this place.
 F = Levels seen in this place.
 G = Mean time per level.
                   A        B        C        D        E       F      G
               +--------+--------+--------+--------+--------+-----+--------+
         Total |   1422 |   1380 |     42 |    269 |    944 |   2 |  711.0 |
       Dungeon |   1422 |   1380 |     42 |    269 |    944 |   2 |  711.0 |
               +--------+--------+--------+--------+--------+-----+--------+

Top non-repeatable levels by time:
     D:1: 977 daAuts
     D:2: 445 daAuts
